 Dungeon Crawl Stone Soup version 0.25-a0-597-gb30770a (webtiles) character file.

Game seed: 14983202626357108239, levelgen mode: deterministic

49 Trolling the Ruffian (level 3, -3/36 HPs)
             Began as a Troll Fighter on Mar 14, 2020.
             Slain by a howler monkey (6 damage)
             ... on level 2 of the Dungeon.
             The game lasted 00:01:39 (838 turns).

Trolling the Ruffian (Troll Fighter)                 Turns: 838, Time: 00:01:40

Health: -3/36      AC:  6    Str: 25    XL:     3   Next: 51%
Magic:  2/2        EV:  7    Int:  4    God:
Gold:   102        SH:  8    Dex:  9    Spells: 2/2 levels left

rFire    . . .     SeeInvis .     - Unarmed
rCold    . . .     Gourm    +   b - +0 kite shield
rNeg     . . .     Faith    .   a - +0 robe
rPois    .         Spirit   .   (helmet restricted)
rElec    .         Reflect  .   (no cloak)
rCorr    .         Harm     .   (gloves unavailable)
MR       .....                  (boots unavailable)
Stlth    +.........             (no amulet)
HPRegen  0.52/turn              (no ring)
MPRegen  0.08/turn              (no ring)

@: lethally poisoned (-3 -> -3), heavily drained
A: large, unfitting armour, claws 3, fast metabolism 3, gourmand, regeneration
1, shaggy fur 1, tough skin 3
a: no special abilities


You were on level 2 of the Dungeon.
You were very full.

You visited 1 branch of the dungeon, and saw 2 of its levels.

You collected 102 gold pieces.

Inventory:

Armour
 a - a +0 robe (worn)
 b - a +0 kite shield (worn)
Jewellery
 n - an uncursed ring of see invisible {unknown}
Scrolls
 e - 4 scrolls of identify {unknown}
 f - a scroll of enchant armour {unknown}
 g - a scroll of teleportation {unknown}
 i - a scroll of magic mapping {unknown}
 k - a scroll of random uselessness {unknown}
Potions
 c - a potion of might
 h - a potion of mutation {unknown}
 j - a potion of curing {unknown}
 l - a potion of experience {unknown}
 m - a potion of ambrosia {unknown}
Comestibles
 d - 7 rations


   Skills:
 + Level 2.8(1.6) Fighting
 - Level 2.4(1.2) Dodging
 + Level 2.8(1.6) Shields
 * Level 3.1(1.9) Unarmed Combat


You had 2 spell levels left.
You didn't know any spells.
Your spell library was empty.

Dungeon Overview and Level Annotations

Branches:
Dungeon (2/15)

Altars:


Innate Abilities, Weirdness & Mutations

You are too large for most types of armour.
You have claws for hands.
Your metabolism is lightning-fast.
You like to eat raw meat.
Your natural rate of healing is unusually fast.
You are covered in fur. (AC +1)
You have extremely tough skin. (AC +3)


Message History

You barely miss the adder. The howler monkey barely misses you.
The adder bites you. The howler monkey hits you.
* * * LOW HITPOINT WARNING * * *
You barely miss the adder.
You feel sick. You block the adder's attack.
You block the howler monkey's attack. The adder bites you.
* * * LOW HITPOINT WARNING * * *
You are more poisoned.
The adder poisons you!
Unknown command.
You feel sick.
The howler monkey hoots and howls with incredible vigour!
You hear a bark!
You closely miss the adder.
You feel sick. The adder bites you but does no damage.
You block the adder's attack.
You claw the adder!
You kill the adder!
You barely miss the howler monkey.
You feel sick.
The howler monkey hits you but does no damage.
The howler monkey hits you.
You die...

##..##.#.#####.# .
#####...##.....#...# ..
#......#####.....###
......###..# #####.....
.... #..## ##.......##
#.....###.#####..###...##
#................###.....
#....###.##...##.##..###.
#... #.@#..####.##...###
#....##h##.## #.........
#.......# ###.......
#.....### ##..#.....
#..#### #..##..... #..
########.######## ...
#..........# ...#
#..........# ### .#.#
#........[.####..


You could see a howler monkey.

Vanquished Creatures
  2 adders (D:2)
  A worm (D:2)
  4 dart slugs
  A ball python (D:1)
  2 giant cockroaches
  2 hobgoblins (D:1)
  2 kobolds
  3 bats
  2 goblins (D:1)
  A rat (D:1)
20 creatures vanquished.

Notes
Turn   | Place    | Note
-------+----------+-------------------------------------------
     0 | D:1      | Trolling the Troll Fighter began the quest for the Orb.
     0 | D:1      | Reached XP level 1. HP: 22/22 MP: 0/0
   191 | D:1      | Reached XP level 2. HP: 29/29 MP: 1/1
   692 | D:2      | Reached XP level 3. HP: 30/36 MP: 2/2
   695 | D:2      | Reached skill level 3 in Unarmed Combat
   838 | D:2      | Slain by a howler monkey

Levels and vault maps discovered:
D:1:      nzn_arrival_crosshair, layout_basic
D:2:      layout_rooms, lemuel_crystal_altar, minitemple

Skill      XL: |  1  2  3 |
---------------+----------+-----
Unarmed Combat | 3 |  3.1
Fighting       | |  2.8
Dodging        | |  2.4
Shields        | |  2.8

Action                   || total
-------------------------++-------
Melee: Unarmed           ||    55
  Eat: Chunk             ||    11
Armor: Robe              ||    23
Dodge: Dodged            ||    12
Block: Kite shield       ||    31

Table legend:
 A = Non-vault XP
 B = Vault XP
 C = Vault XP percentage of total XP
 D = Non-vault monster count
 E = Vault monster count
 F = Vault count percentage of total count
                 A         B        C        D         E       F
            +---------+---------+-------+---------+---------+-------
      Total |      70 |       0 |   0.0 |      20 |       0 |   0.0
            +---------+---------+-------+---------+---------+-------
        D:1 |      25 |       0 |   0.0 |      12 |       0 |   0.0
        D:2 |      45 |       0 |   0.0 |       8 |       0 |   0.0
            +---------+---------+-------+---------+---------+-------
